 Dungeon Crawl Stone Soup version 0.22.1-6-g1668fe2 (console) character file.

83 potiron the Shield-Bearer (level 4, -3/37 HPs)
             Began as a Formicid Fighter on Jan 17, 2019.
             Killed by divine providence
             ... invoked by an orc priest
              (15 damage)
             ... on level 3 of the Dungeon.
             The game lasted 00:05:45 (1403 turns).

potiron the Shield-Bearer (Formicid Fighter)        Turns: 1403, Time: 00:05:45

Health: -3/37      AC:  9    Str: 21    XL:     4   Next: 71%
Magic:  4/4        EV:  8    Int:  8    God:
Gold:   157        SH:  9    Dex: 10    Spells: 3/3 levels left

rFire    . . .     SeeInvis +   a - +0 long sword
rCold    . . .     Gourm    +   c - +0 shield
rNeg     . . .     Faith    .   b - +0 scale mail
rPois    .         Spirit   .   (helmet unavailable)
rElec    .         Reflect  .   (no cloak)
rCorr    .         Harm     .   p - +1 pair of gloves
MR       .....                  (no boots)
Stlth    ..........             t - amulet of the gourmand (curse)
HPRegen  0.12/turn              (no ring)
MPRegen  0.09/turn              (no ring)

@: no status effects
A: permanent stasis, dig shafts and tunnels, four strong arms, antennae 3
a: Dig, Shaft Self


You were on level 3 of the Dungeon.
You were not hungry.

You visited 1 branch of the dungeon, and saw 3 of its levels.

You collected 157 gold pieces.

Inventory:

Hand Weapons
 a - a +0 long sword (weapon)
 i - a +0 dagger of draining
Missiles
 h - 32 arrows
 q - 14 poisoned needles
Armour
 b - a +0 scale mail (worn)
 c - a +0 shield (worn)
 p - a +1 pair of gloves (worn)
 u - a +0 chain mail
Jewellery
 t - a cursed amulet of the gourmand (around neck)
Scrolls
 e - a scroll of blinking {unknown}
 k - 2 scrolls of magic mapping
 s - 3 scrolls of fear {unknown}
Potions
 d - a potion of might
 g - a potion of cancellation
 n - a potion of berserk rage
 o - 2 potions of mutation {unknown}
Comestibles
 f - 6 rations
 l - a chunk of flesh


   Skills:
 + Level 3.7 Fighting
 + Level 2.7 Long Blades
 + Level 4.0 Armour
 + Level 0.4 Dodging
 + Level 4.5 Shields


You had 3 spell levels left.
You didn't know any spells.
Your spell library was empty.

Dungeon Overview and Level Annotations

Branches:
Dungeon (3/15)

Altars:


Innate Abilities, Weirdness & Mutations

You cannot be hasted, slowed, berserked, paralysed or teleported.
You can dig through walls and to a lower floor.
Your four strong arms can wield two-handed weapons with a shield.
You have a pair of large antennae on your head. (SInv)


Message History

The rat barely misses you.
An adder comes into view.
The orc priest looks braver for a moment.
A kobold comes into view. It is wielding a short sword of venom.
The adder hisses angrily.
The kobold shouts!
The orc priest hits you with a hand axe.
* * * LOW HITPOINT WARNING * * *
The rat bites you but does no damage.
An ooze comes into view.
The orc priest begins to cast a cantrip, but forgets the words!
It was a potion of berserk rage.
Your stasis prevents you from going berserk.
You block the goblin's attack.
The orc priest miscasts a cantrip.
The rat bites you.
* * * LOW HITPOINT WARNING * * *
You feel better. You block the goblin's attack.
The orc priest calls down the wrath of Beogh upon you.
Beogh smites you!
You die...

*,*,* #.#.# *,,**,,,* *, ,,*,*
#.#.# *,,**,,,* *, ,,*,* #.#.#
*,,**,,,***** *, ,,*,*
#..)####,,**,,,,,,,* *, *,*,*
#o#†##..,,,,,,,***,* *, *,*,*
#o#.##.#,,#**,,***,***, *,*,*
#.#.##S#,.# *,,**,,,**, ,,*,*
#####o#K##o#J.###.,,,,,,,,,
***,*
#......oog@....K..,,,,,,,** *
*,**#>###...SOr.......*,,***,*
* *,,,,,*
#######.......,,,***,* *
******* *..#####,,,,,,,* **
*..# *,*,,,,,* ,* *..#
*,,,,*≈** ,* *#.# *,*,,*≈* ,*
*.#****,**,*≈* **
*,,,,,,,****≈*


You could see an ogre, 2 orc priests, an ooze, 2 adders, 2 orcs, a goblin, 2
kobolds and a rat.

Vanquished Creatures
  3 adders (D:2)
  A worm (D:2)
  A dart slug (D:2)
  5 leopard geckos
  An orc (D:3)
  3 bats
  A giant cockroach (D:2)
  6 goblins
  3 hobgoblins
  2 quokkas (D:2)
  A ball python (D:1)
  4 frilled lizards
  10 kobolds
  3 rats
44 creatures vanquished.

Notes
Turn   | Place    | Note
-------+----------+-------------------------------------------
     0 | D:1      | potiron the Formicid Fighter began the quest for the Orb.
     0 | D:1      | Reached XP level 1. HP: 18/18 MP: 1/1
   183 | D:1      | Reached XP level 2. HP: 21/24 MP: 2/2
   556 | D:1      | Reached XP level 3. HP: 27/29 MP: 3/3
   875 | D:2      | Reached XP level 4. HP: 31/36 MP: 4/4
  1374 | D:3      | Noticed an ogre
  1403 | D:3      | Killed from afar by an orc priest

Skill      XL: |  1  2  3  4 |
---------------+-------------+-----
Shields        | 4 |  4.5
Armour         | 4 |  4.0
Fighting       | |  3.7
Long Blades    | |  2.7
Dodging        | |  0.4

Action                   |  1- 3 |  4- 6 || total
-------------------------+-------+-------++-------
Melee: Long sword        |    91 |    54 ||   145
       Dagger            |     8 |       ||     8
 Abil: Dig               |       |     1 ||     1
  Use: Scroll            |       |     3 ||     3
       Potion            |       |     3 ||     3
  Eat: Chunk             |       |     6 ||     6
Armor: Scale mail        |    67 |    23 ||    90
Dodge: Dodged            |    44 |    23 ||    67
Block: Shield            |    63 |    29 ||    92
       Rpst.: Long sword |    12 |     7 ||    19
